 Dungeon Sprint DCSS version 0.17-a0-1324-ga541562 (webtiles) character file.

319 Kidiri the Covert (level 6, -2/30 HPs)
             Began as a Spriggan Enchanter on June 9, 2015.
             Was an Initiate of Dithmenos.
             Slain by a spatial vortex (10 damage)
             ... in the Dungeon (Sprint III: "The Ten Rune Challenge").
             The game lasted 00:02:28 (203 turns).

Kidiri the Covert (Spriggan Enchanter)               Turns: 203, Time: 00:02:30

Health: -2/30      AC:  3    Str:  3    XL:     6   Next: 21%
Magic:  17/17      EV: 25    Int: 16    God:    Dithmenos [......]
Gold:   22         SH:  0    Dex: 18    Spells: 5 memorised, 8 levels left

rFire  . . .     SeeInvis +     a - +1 dagger
rCold  . . .     Clarity  .     b - +1 robe
rNeg   . . .     SustAt   .     (shield restricted)
rPois  .         Gourm    .     (helmet restricted)
rElec  .         Spirit   .     (no cloak)
rCorr  .         Warding  .     (gloves unavailable)
rMut   .         NoTele   +     (boots unavailable)
MR     +....                    (no amulet)
Stlth  +++++.....               (no ring)
                                (no ring)

@: very quick, somewhat resistant to hostile enchantments, quite stealthy
A: unfitting armour, horns 1, see invisible, blink 1, herbivore 3, speed 3, slow
metabolism 2, weak 1, wild magic 2, MP-powered wands
a: Blink, Renounce Religion


You were in the Dungeon.
You worshipped Dithmenos.
Dithmenos was noncommittal.
You were not hungry.

You visited 1 branch You collected 22 gold pieces.

Inventory:

Hand weapons
 a - a +1 dagger (weapon)
Armour
 b - a +1 robe (worn)
Scrolls
 j - a scroll of blinking
 l - 2 scrolls of immolation
 n - a scroll of enchant armour
 q - a scroll of remove curse {unknown}
Potions
 e - 2 potions of curing
 f - 2 potions of heal wounds
 g - a potion of haste
 h - 2 potions of magic
 i - a potion of berserk rage
 p - 2 potions of flight {unknown}
 r - a potion of cure mutation {unknown}
Books
 c - a book of Maledictions

   Spells                             Type                      Level
   a - Corona                         Hexes                        1
   b - Ensorcelled Hibernation        Hexes/Ice                    2
   c - Confuse                        Hexes                        3
   d - Tukima's Dance                 Hexes                        3
   e - Dazzling Spray                 Conjuration/Hexes            3
Comestibles
 d - 2 bread rations
 o - 2 royal jellies


   Skills:
 - Level 1.7 Fighting
 * Level 6.4 Short Blades
 * Level 8.8 Dodging
 * Level 10.1 Stealth
 * Level 7.6 Spellcasting
 + Level 0.0 Conjurations
 + Level 6.1 Hexes
 + Level 2.6 Ice Magic
 + Level 0.0 Invocations


You had 8 spell levels left.
You knew the following spells:

 Your Spells              Type           Power        Failure   Level  Hunger
a - Corona                Hex            ######.      8%          1    None
b - Confuse               Hex            ######..     14%         3    ##.....
c - Tukima's Dance        Hex            ######..     14%         3    ##.....
d - Ensorcelled Hibernat  Hex/Ice        #####.       17%         2    None
e - Dazzling Spray        Conj/Hex       ####....     36%         3    ##.....


Dungeon Overview and Level Annotations

Branches:
Dungeon (1/1)

Altars:
Dithmenos
Gozag
Makhleb
Nemelex Xobeh
Qazlal
Ru
Xom
Jiyva
Lugonu


Innate Abilities, Weirdness & Mutations

You are tiny and cannot use many weapons and most armour.
You have supernaturally acute eyesight.
You are a herbivore.
You cover ground extremely quickly.
You need consume almost no food.
You have a pair of small horns on your head.
You can translocate small distances at will.
You are weak. (Str -2)
Your spells are harder to cast, but more powerful.
You expend magic power (3 MP) to strengthen your wands.


Message History

Dithmenos welcomes you!
Unknown command.
There is a viscous altar of Jiyva here.
You barely miss the spatial vortex.
The spatial vortex is lightly damaged.
There is a sacrificial altar of Ru here.
You barely miss the spatial vortex. You headbutt the spatial vortex.
The spatial vortex is lightly damaged.
You hit the spatial vortex but do no damage.
You headbutt the spatial vortex.
The spatial vortex is moderately damaged.
You hit the spatial vortex.
The spatial vortex is moderately damaged.
You hit the spatial vortex.
The spatial vortex is heavily damaged.
The spatial vortex hits you!!
Ouch! That really hurt!
* * * LOW HITPOINT WARNING * * *
Space warps horribly around you!
You die...

...♣♣♣ ♣♣.#
...≈.♣♣♣..###+#+###+##
..≈≈..♣♣♣.#..........#
.≈≈≈≈♣.♣♣.'.⌠........#
.≈≈≈≈≈≈...#...######'#
≈≈≈≈≈≈....#.⌠.#__#...#
≈≈≈≈≈.....#...#__#...#
≈≈≈.......#+###__#...#
..........# #_@#...+
..........# #_.v...#
▓▓▓▓▓▓▓▓▓▓▓ ▓▓▓▓▓▓▓▓


You could see a spatial vortex.

Vanquished Creatures
  A shadow (D)
  A water elemental (D)
  A scorpion (D)
  A jelly (D)
  A human (D)
  An ooze (D)
  3 rats (D)
9 creatures vanquished.

Vanquished Creatures (others)
  A yaktaur (D)
  A fire drake (D)
  A plant (D)
3 creatures vanquished.

Grand Total: 12 creatures vanquished

Notes
Turn   | Place    | Note
--------------------------------------------------------------
     0 | D        | Kidiri the Spriggan Enchanter began the quest for the Orb.
     0 | D        | Reached XP level 1. HP: 9/9 MP: 5/5
     4 | D        | Reached skill level 5 in Stealth
    36 | D        | Noticed a scorpion
    43 | D        | Killed a scorpion
    43 | D        | Reached skill level 1 in Fighting
    43 | D        | Reached skill level 5 in Dodging
    43 | D        | Reached skill level 6 in Stealth
    43 | D        | Reached XP level 2. HP: 12/15 MP: 6/8
    43 | D        | Reached XP level 3. HP: 14/18 MP: 7/10
    55 | D        | Killed a fire drake
    63 | D        | Gained mutation: You have a pair of small horns on your head. [potion of mutation]
    63 | D        | Gained mutation: You expend magic power (3 MP) to strengthen your wands. [potion of mutation]
    63 | D        | Gained mutation: Your spells are a little harder to cast, but a little more powerful. [potion of mutation]
    64 | D        | Gained mutation: You are weak. (Str -2) [potion of mutation]
    64 | D        | Gained mutation: Your spells are harder to cast, but more powerful. [potion of mutation]
    64 | D        | Gained mutation: You can translocate small distances at will. [potion of mutation]
    69 | D        | Learned a level 3 spell: Confuse
    73 | D        | Learned a level 3 spell: Tukima's Dance
    76 | D        | Learned a level 2 spell: Ensorcelled Hibernation
    95 | D        | Reached skill level 7 in Stealth
    95 | D        | Reached skill level 5 in Spellcasting
    95 | D        | Reached XP level 4. HP: 20/23 MP: 12/12
   100 | D        | Learned a level 3 spell: Dazzling Spray
   139 | D        | Noticed a water elemental
   142 | D        | Killed a water elemental
   142 | D        | Reached skill level 8 in Stealth
   142 | D        | Reached skill level 5 in Hexes
   142 | D        | Reached skill level 1 in Ice Magic
   151 | D        | Noticed a jelly
   152 | D        | Noticed a shadow
   154 | D        | Killed a shadow
   154 | D        | Reached skill level 9 in Stealth
   154 | D        | Reached XP level 5. HP: 26/26 MP: 12/15
   154 | D        | Reached XP level 6. HP: 30/30 MP: 13/17
   158 | D        | Killed a jelly
   158 | D        | Reached skill level 10 in Stealth
   171 | D        | Killed a yaktaur
   185 | D        | Found a stormy altar of Qazlal.
   185 | D        | Found a sacrificial altar of Ru.
   185 | D        | Found a burning altar of Makhleb.
   185 | D        | Found a shimmering altar of Xom.
   186 | D        | Found a viscous altar of Jiyva.
   186 | D        | Found a shadowy altar of Dithmenos.
   186 | D        | Found a sparkling altar of Nemelex Xobeh.
   186 | D        | Found a corrupted altar of Lugonu.
   186 | D        | Found an opulent altar of Gozag.
   186 | D        | Noticed a spatial vortex
   196 | D        | Became a worshipper of Dithmenos the Shadowed
   203 | D        | Slain by a spatial vortex

Vault maps used:
D:        dungeon_sprint_mu

Action                   |  1- 3 |  4- 6 || total
-------------------------+-------+-------++-------
Melee: Dagger            |     8 |    10 ||    18
  Use: Scroll            |     3 |       ||     3
       Potion            |     2 |       ||     2
 Stab: Sleeping          |     5 |     3 ||     8
